Map: [ESL] Dragon Scales

Players

Solar - Winner!

  • Race: Zerg Zerg

Serral

  • Race: Zerg Zerg

Event: IEM Katowice 2023

VOD

Have the link to the VOD?

Description

Time

  • Played on: Feb. 10, 2023, 1:10 p.m.
  • Length: 13:02

All games in this series

Show
View Real Time Build Order
Export as new Build Order

Solar Zerg - Winner!

Build Orders: Hatch First 

Get SALT Encoding   

  12  0:00  Drone  
  13  0:12  Overlord  
  13  0:17  Drone  
  14  0:31  Drone x2  
  16  0:48  Hatchery  
  15  0:51  Drone  
  15  0:54  Drone  
  17  0:57  Drone  
  18  1:08  Extractor  
  17  1:13  Spawning Pool  
  17  1:16  Drone  
  17  1:19  Drone  
  18  1:27  Drone  
  19  1:39  Drone  
  20  1:51  Drone  
  21  1:59  Queen  
  21  2:00  Queen  
  21  2:01  Zergling x2  
  26  2:02  Overlord  
  26  2:11  Metabolic Boost, Drone x2  
  28  2:22  Drone x2  
  30  2:33  Hatchery  
  30  2:35  Zergling x2  
  30  2:41  Queen  
  32  2:46  Drone  
  33  2:51  Baneling Nest  
  33  2:55  Overlord  
  32  3:00  Drone x2  
  32  3:02  Drone  
  32  3:04  Drone  
  36  3:14  Drone x2  
  36  3:15  Drone x2  
  36  3:16  Drone  
  36  3:18  Zergling x2  
  42  3:24  Zergling x2  
  42  3:25  Evolution Chamber  
  42  3:28  Overlord  
  42  3:35  Baneling x2, Zergling x2  
  42  3:37  Zergling x2  
  44  3:45  Zergling x8  
  44  3:48  Overlord  
  48  3:54  Zergling x8  
  51  3:57  Overlord  
  51  4:01  Zerg Missile Weapons Level 1  
  51  4:04  Drone  
  51  4:09  Drone  
  53  4:13  Drone x2  
  53  4:15  Roach Warren  
  53  4:16  Drone  
  54  4:18  Drone  
  54  4:20  Drone  
  54  4:25  Drone x3  
  54  4:28  Zergling x2  
  54  4:30  Overlord  
  58  4:34  Extractor, Drone x2  
  58  4:35  Drone  
  60  4:39  Zergling x2  
  60  4:42  Lair  
  60  4:44  Drone  
  60  4:45  Drone  
  63  4:47  Extractor  
  63  4:49  Drone  
  63  4:52  Drone x3  
  66  4:54  Drone  
  66  4:55  Drone  
  66  4:59  Drone x2  
  70  5:01  Overlord  
  70  5:03  Drone  
  70  5:04  Drone  
  70  5:05  Drone  
  72  5:07  Drone  
  72  5:08  Drone  
  72  5:12  Extractor  
  72  5:13  Extractor, Drone  
  72  5:14  Overlord  
  73  5:18  Roach  
  73  5:19  Baneling x2  
  73  5:20  Roach  
  77  5:22  Spine Crawler  
  77  5:27  Roach x2  
  78  5:29  Roach  
  78  5:30  Roach  
  78  5:32  Roach  
  78  5:34  Roach  
  85  5:37  Roach x2  
  85  5:39  Overlord  
  89  5:45  Glial Reconstitution  
  89  5:48  Drone x2  
  91  5:51  Drone x3  
  91  5:52  Extractor  
  91  5:56  Drone  
  95  6:01  Drone x2  
  95  6:02  Drone x3  
  95  6:03  Overlord, Spire  
  99  6:05  Drone x2  
  99  6:06  Overseer  
  101  6:18  Overlord  
  101  6:24  Zerg Missile Weapons Level 2  
  101  6:26  Overlord  
  101  6:29  Overlord, Hatchery  
  100  6:36  Overlord  
  100  6:39  Drone x2  
  102  6:40  Overlord, Drone x2  
  102  6:42  Roach x4  
  111  6:49  Overlord  
  111  6:57  Overlord  
  111  7:05  Roach x2  
  114  7:10  Extractor, Drone  
  114  7:11  Drone  
  114  7:13  Drone  
  114  7:14  Mutalisk x2  
  114  7:15  Mutalisk x3  
  126  7:16  Centrifugal Hooks  
  126  7:17  Mutalisk  
  128  7:29  Overlord  
  128  7:36  Roach x3  
  134  7:39  Zergling x18  
  134  7:42  Queen  
  145  7:45  Overlord  
  145  7:49  Overlord  
  145  7:51  Overlord  
  145  7:58  Overlord  
  145  7:59  Roach x5  
  145  8:00  Roach x2  
  145  8:02  Overlord  
  159  8:10  Zergling x4  
  159  8:12  Roach x4  
  169  8:15  Roach x2  
  173  8:21  Roach x4  
  181  8:34  Baneling x20  
  181  8:35  Roach x2  
  181  8:36  Roach x5  
  181  8:38  Roach  
  181  8:40  Baneling x2  
  197  8:42  Roach  
  199  8:54  Zerg Ground Armor Level 1  
  193  9:06  Roach x6  
  193  9:07  Roach x2  
  193  9:08  Roach x6  
  193  9:09  Roach  
  182  9:11  Roach  
  182  9:14  Roach x2  
  182  9:15  Roach  
  171  9:18  Roach x2  
  171  9:20  Roach  
  169  9:25  Roach x3  
  169  9:29  Roach x3  
  181  9:31  Roach  
  181  9:33  Roach  
  181  9:34  Roach  
  187  9:39  Zergling x10  
  187  9:40  Zergling x2  
  187  9:41  Zergling x2  
  192  9:48  Zergling x8  
  196  9:56  Zergling x14  
  199  10:08  Baneling x12  
  199  10:11  Baneling x6  
  199  10:12  Baneling x2  
  199  10:15  Baneling x2  
  199  10:20  Baneling x14  
  199  10:35  Baneling x11  
  199  10:49  Roach x13  
  198  10:56  Roach  
  198  10:57  Roach x9  
  183  11:01  Roach x2  
  183  11:03  Roach x2  
  165  11:04  Overseer  
  165  11:07  Roach x2  
  169  11:12  Roach x2  
  169  11:13  Overseer  
  169  11:16  Roach  
  176  11:18  Roach  
  176  11:24  Roach x3  
  180  11:33  Ravager x4  
  180  11:34  Ravager  
  180  11:37  Spine Crawler  
  180  11:38  Roach x2  
  188  11:40  Overseer  
  188  11:42  Roach  
  190  11:48  Roach x5  
  200  11:59  Extractor  
  200  12:00  Roach  
  198  12:07  Roach  
  199  12:13  Roach  
  199  12:14  Roach  
  199  12:21  Roach x5  
  191  12:40  Roach x10  
Show
View Real Time Build Order
Export as new Build Order

Serral Zerg 

Build Orders: Hatch First 

Get SALT Encoding   

  12  0:00  Drone  
  13  0:11  Overlord  
  13  0:16  Drone  
  14  0:30  Drone x2  
  16  0:48  Hatchery  
  15  0:51  Drone  
  15  0:53  Drone  
  17  0:58  Drone  
  18  1:07  Extractor  
  17  1:13  Spawning Pool  
  17  1:15  Drone  
  17  1:19  Drone  
  18  1:27  Drone  
  19  1:37  Drone  
  20  1:52  Drone  
  21  1:59  Queen x2  
  21  2:00  Zergling x2  
  21  2:01  Overlord  
  26  2:08  Metabolic Boost  
  26  2:10  Drone x2  
  28  2:21  Zergling x2  
  28  2:22  Drone  
  30  2:33  Hatchery  
  30  2:35  Drone  
  30  2:39  Drone  
  30  2:43  Drone  
  32  2:46  Baneling Nest  
  32  2:50  Overlord  
  31  2:55  Drone  
  31  2:56  Drone  
  33  3:07  Zergling x6  
  33  3:10  Zergling x6  
  33  3:12  Zergling x2  
  40  3:14  Zergling x2  
  40  3:18  Overlord  
  41  3:21  Drone  
  41  3:26  Queen  
  44  3:30  Baneling x2  
  44  3:38  Drone x2, Zergling x2  
  44  3:40  Drone x2  
  50  3:41  Drone  
  50  3:44  Drone  
  50  3:46  Drone  
  50  3:47  Drone  
  53  3:53  Zergling x2  
  53  3:54  Drone x2  
  55  4:02  Zergling x2  
  56  4:03  Baneling x2, Evolution Chamber  
  56  4:09  Drone  
  56  4:10  Extractor, Roach Warren  
  56  4:13  Drone x2  
  56  4:15  Drone  
  55  4:19  Overlord  
  54  4:24  Queen  
  54  4:28  Overlord, Drone  
  57  4:32  Extractor, Zerg Missile Weapons Level 1  
  57  4:36  Baneling  
  56  4:39  Overlord  
  56  4:40  Drone x2  
  56  4:41  Drone  
  59  4:50  Overlord  
  59  4:53  Roach x3  
  59  4:56  Drone x2  
  59  4:57  Drone  
  67  5:00  Drone x2  
  67  5:02  Roach  
  67  5:04  Roach  
  73  5:09  Overlord  
  73  5:12  Drone x2  
  75  5:20  Roach  
  75  5:21  Roach  
  78  5:23  Drone x3  
  78  5:27  Overlord  
  80  5:32  Drone  
  80  5:33  Lair  
  79  5:39  Roach x2  
  79  5:40  Overlord  
  79  5:41  Drone x2  
  85  5:43  Drone x2  
  85  5:48  Drone  
  85  5:49  Drone  
  88  5:52  Roach  
  88  5:53  Extractor  
  89  5:59  Extractor  
  89  6:00  Drone x2  
  90  6:05  Overlord  
  90  6:07  Drone  
  90  6:10  Overlord, Drone  
  92  6:15  Overlord, Extractor  
  91  6:19  Drone x7  
  91  6:24  Overlord  
  98  6:29  Drone, Evolution Chamber  
  98  6:30  Zerg Missile Weapons Level 2  
  98  6:31  Glial Reconstitution  
  98  6:34  Overseer  
  98  6:36  Spire  
  98  6:39  Drone  
  98  6:40  Drone, Hatchery  
  98  6:41  Roach x2  
  104  6:47  Roach x4  
  104  6:50  Overlord  
  104  6:52  Baneling x2  
  104  6:53  Overlord  
  110  6:56  Zerg Ground Armor Level 1  
  110  6:57  Overseer  
  110  7:00  Roach  
  110  7:01  Roach  
  114  7:07  Hatchery  
  114  7:08  Overlord  
  114  7:09  Roach x2  
  114  7:14  Hydralisk Den  
  118  7:18  Drone x2  
  118  7:19  Pneumatized Carapace  
  118  7:21  Drone  
  121  7:27  Drone x2  
  121  7:28  Drone  
  121  7:29  Drone x2  
  125  7:31  Overlord  
  125  7:32  Roach x6  
  137  7:41  Spore Crawler  
  137  7:43  Spore Crawler  
  135  7:45  Spore Crawler x2  
  135  7:46  Grooved Spines  
  135  7:49  Hydralisk x4  
  141  7:52  Overlord x2  
  141  7:58  Hydralisk x2  
  141  7:59  Overseer  
  141  8:04  Roach x3  
  151  8:07  Overlord  
  151  8:08  Ravager x3  
  151  8:09  Overlord  
  151  8:12  Roach  
  154  8:16  Roach x3  
  160  8:22  Roach x3  
  164  8:28  Overlord  
  164  8:30  Roach x3  
  170  8:36  Roach x4  
  170  8:40  Overlord x2  
  178  8:46  Roach x3  
  183  8:51  Roach x3  
  183  8:54  Tunneling Claws  
  189  8:56  Overlord  
  189  9:00  Roach  
  189  9:01  Roach x2  
  193  9:07  Roach x4  
  162  9:14  Hydralisk x3  
  153  9:18  Hydralisk x2  
  153  9:22  Hydralisk x3  
  161  9:29  Roach x4  
  169  9:32  Ravager x2  
  169  9:35  Hydralisk  
  169  9:36  Hydralisk, Roach  
  177  9:44  Roach x5  
  187  9:47  Overlord  
  187  9:50  Roach x2  
  191  9:55  Roach x4  
  197  10:00  Ravager x2  
  197  10:06  Muscular Augments  
  199  10:10  Extractor  
  199  10:13  Roach  
  200  10:16  Burrow  
  200  10:23  Overlord  
  200  10:47  Roach x4  
  182  10:50  Roach x5  
  182  10:52  Roach x7  
  182  10:54  Roach x2  
  163  10:59  Roach  
  129  11:04  Roach x3  
  129  11:10  Roach  
  125  11:12  Roach x2  
  123  11:19  Roach x4  
  123  11:20  Queen x2  
  123  11:23  Roach  
  137  11:25  Roach  
  137  11:31  Roach  
  137  11:32  Roach x5  
  139  11:33  Ravager x5  
  139  11:36  Roach  
  139  11:39  Hatchery  
  145  11:41  Roach  
  145  11:45  Roach x2  
  145  11:46  Roach x3, Ravager x2  
  145  11:47  Ravager  
  160  11:52  Roach  
  162  11:56  Roach  
  162  11:58  Ravager  
  165  12:04  Hydralisk x2  
  169  12:09  Hydralisk x2  
  169  12:10  Roach  
  171  12:16  Hydralisk  
  171  12:17  Hydralisk x3  
  171  12:20  Roach  
  171  12:22  Hydralisk  
  179  12:28  Roach x5  
  183  12:38  Roach  
  183  12:39  Roach x5  
  183  12:41  Roach x2  

Tags
 
Add a new tag
Caveats
  • Supply blocks, unpowered buildings, or Contaminate may cause inaccurate times.
  • Supply counts are checked every 10 seconds.